Map: Newkirk Precinct TE (Void)

Players

BLY

  • Race: Zerg Zerg
  • Spawn Location: 5:00

puCK (Nina) - Winner!

  • Race: Protoss Protoss
  • Spawn Location: 7:00

Event: WCS Austin 2017

VOD

Have the link to the VOD?

Description

Time

  • Played on: April 28, 2017, 8:51 p.m.
  • Length: 9:01

All games in this series

Show
View Real Time Build Order
Export as new Build Order

BLY Zerg 

Build Orders: Hatch First 

Get SALT Encoding   

  12  0:01  Drone  
  13  0:13  Overlord  
  13  0:18  Drone  
  14  0:33  Drone x2  
  16  0:38  Drone  
  17  0:52  Hatchery  
  17  0:57  Drone  
  17  1:00  Drone  
  18  1:05  Extractor  
  17  1:15  Spawning Pool  
  17  1:18  Drone  
  17  1:23  Drone  
  18  1:30  Drone  
  19  1:40  Overlord  
  20  1:54  Drone  
  20  2:01  Queen  
  20  2:04  Queen  
  20  2:05  Metabolic Boost  
  20  2:07  Zergling x2  
  25  2:09  Zergling x2  
  26  2:17  Drone x2  
  28  2:35  Drone x3  
  31  2:45  Hatchery  
  31  2:49  Overlord  
  31  2:50  Drone  
  31  2:57  Drone x2  
  33  3:03  Overlord  
  33  3:08  Drone  
  33  3:10  Spore Crawler  
  33  3:11  Drone x2  
  35  3:14  Spore Crawler  
  33  3:23  Drone x2  
  33  3:24  Drone x4  
  40  3:31  Overlord  
  40  3:34  Queen  
  42  3:43  Drone x2  
  42  3:45  Extractor  
  42  3:49  Lair  
  42  3:50  Drone  
  42  3:52  Drone  
  44  3:59  Drone x4  
  48  4:04  Roach Warren  
  48  4:08  Overlord  
  47  4:12  Extractor  
  47  4:13  Drone x2  
  47  4:14  Drone x2  
  50  4:20  Zergling x6  
  53  4:46  Spore Crawler  
  53  4:48  Roach x11  
  74  4:53  Overlord  
  71  5:02  Glial Reconstitution  
  71  5:04  Drone  
  71  5:05  Drone x2  
  74  5:11  Overlord  
  74  5:18  Overlord x3  
  74  5:24  Extractor  
  74  5:25  Drone  
  74  5:26  Spire  
  71  5:37  Drone x3  
  71  5:38  Drone  
  71  5:39  Drone x9  
  84  5:55  Drone x5  
  85  6:05  Drone x7  
  90  6:21  Overlord  
  90  6:23  Roach x4  
  98  6:25  Hatchery  
  98  6:27  Ravager x3  
  98  6:28  Ravager x2  
  98  6:29  Ravager  
  98  6:30  Zergling x6  
  104  6:43  Roach x6  
  113  6:50  Roach x2  
  113  6:51  Ravager  
  114  6:55  Extractor  
  114  6:56  Overlord  
  114  6:58  Queen  
  112  7:02  Baneling Nest  
  110  7:09  Overlord x2  
  110  7:14  Queen  
  112  7:18  Roach  
  112  7:19  Overlord x3  
  114  7:28  Overlord x2  
  114  7:29  Roach  
  120  7:30  Roach x2  
  120  7:31  Ravager x3  
  123  7:38  Overlord  
  123  7:42  Roach  
  123  7:43  Roach x3  
  122  7:50  Roach x2  
  124  7:56  Roach  
  126  8:00  Roach  
  110  8:06  Roach x4  
  110  8:09  Roach  
  114  8:14  Roach Warren  
  114  8:15  Zergling x4  
  97  8:20  Zergling x2  
  63  8:35  Zergling x6  
  63  8:36  Zergling x12  
Show
View Real Time Build Order
Export as new Build Order

puCK Protoss - Winner!

Build Orders: 1 Gate Expand, Mass Adepts 

Get SALT Encoding   

  12  0:01  Probe (Chrono Boost)  
  13  0:11  Probe (Chrono Boost)  
  14  0:19  Pylon  
  14  0:23  Probe (Chrono Boost)  
  15  0:37  Probe (Chrono Boost)  
  15  0:39  Gateway  
  16  0:48  Probe (Chrono Boost)  
  17  0:50  Assimilator  
  17  0:58  Probe (Chrono Boost)  
  18  1:09  Probe (Chrono Boost)  
  19  1:24  Nexus  
  19  1:27  Probe (Chrono Boost)  
  20  1:37  Cybernetics Core  
  20  1:41  Probe (Chrono Boost)  
  21  1:49  Assimilator  
  21  1:51  Probe (Chrono Boost)  
  22  1:56  Pylon  
  22  2:02  Probe (Chrono Boost)  
  23  2:10  Adept  
  23  2:11  Warp Gate  
  26  2:16  Probe (Chrono Boost)  
  26  2:28  Probe (Chrono Boost)  
  26  2:29  Twilight Council  
  27  2:34  Adept  
  27  2:36  Probe (Chrono Boost)  
  28  2:41  Probe (Chrono Boost)  
  31  2:47  Probe (Chrono Boost)  
  33  2:53  Probe (Chrono Boost)  
  33  2:54  Resonating Glaives  
  33  2:58  Probe (Chrono Boost), Adept  
  34  3:05  Probe (Chrono Boost)  
  37  3:19  Gateway  
  37  3:21  Gateway  
  37  3:23  Probe (Chrono Boost), Adept  
  38  3:29  Probe (Chrono Boost)  
  38  3:33  Robotics Facility  
  39  3:36  Probe (Chrono Boost)  
  39  3:41  Probe (Chrono Boost)  
  41  3:42  Pylon  
  42  3:48  Probe (Chrono Boost)  
  42  3:51  Probe (Chrono Boost)  
  42  3:53  Pylon  
  43  4:02  Mothership Core (Chrono Boost), Probe (Chrono Boost)  
  46  4:13  Probe (Chrono Boost)  
  46  4:15  Warp Prism, Adept  
  46  4:16  Adept x2  
  53  4:24  Probe (Chrono Boost)  
  56  4:25  Pylon  
  56  4:36  Adept x2  
  56  4:37  Adept  
  62  4:45  Nexus  
  62  4:50  Pylon  
  62  4:57  Sentry  
  62  4:58  Sentry x2  
  68  5:03  Probe (Chrono Boost)  
  68  5:04  Probe (Chrono Boost)  
  68  5:06  Assimilator  
  70  5:13  Immortal  
  71  5:15  Probe (Chrono Boost)  
  71  5:20  Probe (Chrono Boost)  
  76  5:22  Adept  
  78  5:30  Gateway  
  78  5:33  Gateway x2  
  76  5:38  Gateway  
  76  5:40  Probe (Chrono Boost)  
  77  5:45  Gateway  
  75  6:07  Sentry x3  
  75  6:10  Probe (Chrono Boost)  
  82  6:12  Pylon  
  82  6:14  Probe (Chrono Boost)  
  83  6:18  Pylon  
  83  6:19  Pylon  
  83  6:25  Assimilator  
  83  6:28  Pylon, Adept  
  83  6:30  Stalker x3  
  83  6:32  Adept x2  
  95  6:35  Adept  
  97  6:50  Adept  
  97  6:53  Probe (Chrono Boost)  
  100  6:54  Adept  
  100  6:55  Adept x3  
  106  7:07  Probe (Chrono Boost)  
  105  7:08  Adept  
  105  7:09  Adept x2  
  105  7:11  Adept  
  105  7:14  Probe (Chrono Boost)  
  115  7:15  Probe (Chrono Boost), Adept x2  
  115  7:16  Adept x2  
  115  7:19  Probe (Chrono Boost)  
  115  7:22  Pylon  
  124  7:24  Pylon  
  124  7:27  Pylon x2  
  118  7:44  Stalker  
  118  7:45  Stalker x4  
  120  7:55  Stalker x3  
  124  8:04  Probe (Chrono Boost)  
  119  8:10  Sentry  
  119  8:11  Sentry  
  117  8:13  Adept  
  117  8:19  Zealot x2, Stalker  
  121  8:20  Zealot x2  
  121  8:26  Probe (Chrono Boost)  
  120  8:27  Probe x2 (Chrono Boost)  
  120  8:34  Adept x3  
  112  8:40  Adept x3  
  120  8:45  Assimilator  
  120  8:46  Assimilator  
  121  8:51  Adept x2  
  120  8:56  Forge  
Tags
 
Add a new tag
Caveats
  • Supply blocks, unpowered buildings, or Contaminate may cause inaccurate times.
  • Supply counts are checked every 10 seconds.